 Dungeon Crawl Stone Soup version 0.29.1-15-g9cfb28693d (webtiles) character file.

Game seed: 6601312859259544968

4 LustLizard the Vexing (level 1, -1/20 HPs)
             Began as a Gnoll Wanderer on Mar 14, 2023.
             Slain by a dart slug (3 damage)
             ... on level 1 of the Dungeon.
             The game lasted 00:01:22 (213 turns).

LustLizard the Vexing (Gnoll Wanderer)               Turns: 213, Time: 00:01:22

Health: -1/20      AC:  2    Str: 10    XL:     1   Next: 70%
Magic:  4/4        EV: 11    Int: 10    God:
Gold:   0          SH:  0    Dex: 13    Spells: 4/5 levels left

rFire   . . .      SeeInvis .   g - +0 short sword
rCold   . . .      Faith    .   (no shield)
rNeg    . . .      Spirit   .   e - +0 robe
rPois   .          Reflect  .   (no helmet)
rElec   .          Harm     .   (no cloak)
rCorr   .          Rampage  .   (no gloves)
Will    .....                   (no boots)
Stlth   +.........              (no amulet)
HPRegen 0.06/turn               (no ring)
MPRegen 0.09/turn               (no ring)

@: no status effects
A: fangs 1, strong nose, distributed training
a: no special abilities


You were on level 1 of the Dungeon.
You visited 1 branch of the dungeon, and saw 1 of its levels.

Inventory:

Hand Weapons
 a - a +0 dagger
 g - a +0 short sword (weapon)
Missiles
 b - 8 boomerangs
 f - 12 stones (quivered)
Armour
 e - a +0 robe (worn)
Scrolls
 c - a scroll of butterflies
Potions
 d - a potion of might


   Skills:
 + Level 4.4 Fighting
 + Level 0.1 Short Blades
 + Level 0.1 Long Blades
 + Level 0.1 Axes
 + Level 0.1 Maces & Flails
 + Level 0.1 Polearms
 + Level 0.1 Staves
 + Level 0.1 Ranged Weapons
 + Level 4.4 Throwing
 + Level 0.1 Armour
 + Level 0.1 Dodging
 + Level 0.1 Stealth
 + Level 0.1 Shields
 + Level 2.4 Unarmed Combat
 + Level 2.6 Spellcasting
 + Level 0.1 Conjurations
 + Level 7.0 Hexes
 + Level 0.1 Summonings
 + Level 0.1 Necromancy
 + Level 0.1 Translocations
 + Level 0.1 Transmutations
 + Level 0.1 Fire Magic
 + Level 0.1 Ice Magic
 + Level 0.1 Air Magic
 + Level 0.1 Earth Magic
 + Level 0.1 Poison Magic
 + Level 0.2 Invocations
 + Level 0.1 Evocations


You had 4 spell levels left.
You knew the following spells:

 Your Spells              Type           Power      Damage    Failure   Level
a - Slow                  Hex            60%        N/A       1%          1

Your spell library contained the following spells:

 Spells                   Type           Power      Damage    Failure   Level
 Inner Flame              Hex/Fire       8%         N/A       21%         3
 Fulminant Prism          Conj/Hex       4%         3d6       56%         4


Dungeon Overview and Level Annotations

Branches:
Dungeon (1/15)

Altars:

Shops:
D:1 *


Innate Abilities, Weirdness & Mutations

You have very sharp teeth.
Your uncanny sense of smell can sniff out nearby items.
Your experience applies equally to all skills.


Message History

The dart slug is moderately wounded.
The dart slug closely misses you. The rat closely misses you.
You hit the dart slug but do no damage.
The dart slug is moderately wounded.
The ball python barely misses you. x2; The rat closely misses you.
The dart slug closely misses you.
You hit the ball python.
The ball python is moderately wounded.
The ball python bites you. The ball python closely misses you.
The rat closely misses you.
The dart slug bites you but does no damage.
The ball python bites you. The ball python completely misses you.
You closely miss the ball python. The rat barely misses you.
The ball python closely misses you. The ball python grabs you.
The ball python constricts you. The dart slug bites you.
You closely miss the ball python. The rat closely misses you.
The ball python bites you.
* * * LOW HITPOINT WARNING * * *
The ball python constricts you.
* * * LOW HITPOINT WARNING * * *
You hit the ball python.
The ball python is severely wounded.
The ball python barely misses you. The ball python constricts you.
The rat barely misses you. The dart slug launches a dart at you.
The slug dart misses you.
The ball python bites you but does no damage.
The ball python constricts you. The rat barely misses you.
You barely miss the ball python.
The ball python is severely wounded.
The ball python barely misses you. The ball python constricts you.
* * * LOW HITPOINT WARNING * * *
The dart slug completely misses you. The rat bites you.
* * * LOW HITPOINT WARNING * * *
You hit the ball python.
You kill the ball python!
The rat bites you.
* * * LOW HITPOINT WARNING * * *
The dart slug bites you.
You die...

###.......# #.# ...
##.......# #.# #..
#........###.# #...
#............# ...
#....#######.#
...#...†.....##.#
.w. #.#.....†...##.#
....#.w.........##.#
......r@........##.#
#.....†......####..#
.....#.......# ..#
.....###.....# ...
+...#+### .. ##..# #
#...# #.#.. #.##.


You could see a dart slug and a rat.

Vanquished Creatures
  A giant cockroach (D:1)
  A ball python (D:1)
  A bat (D:1)
  A frilled lizard (D:1)
  2 kobolds (D:1)
6 creatures vanquished.

Notes
Turn   | Place    | Note
-------+----------+-------------------------------------------
     0 | D:1      | LustLizard the Gnoll Wanderer began the quest for the Orb.
     0 | D:1      | LustLizard set off with the following items: a +0 dagger, 8
                  | boomerangs, a scroll of butterflies, a potion of might, a
                  | +0 robe; and the following spell memorised: Slow; and the
                  | following spells available to memorise: Inner Flame,
                  | Fulminant Prism.
     0 | D:1      | Reached XP level 1. HP: 20/20 MP: 4/4
    14 | D:1      | Found Cineme's Assorted Antiques.
   213 | D:1      | Slain by a dart slug

Illustrated notes

Levels and vault maps discovered:
D:1:      lightli_arrival_flooded_house, layout_basic,
          shapermc_ecumenical_altar_mp_urbaneastern, serial_shops, shop,
          reono_crystal_passage

Action                   || total
-------------------------++-------
Melee: Short sword       ||    16
       Dagger            ||    15
       Bite              ||     4
Armor: Robe              ||     8
Dodge: Dodged            ||    31
